 Dungeon Crawl Stone Soup version 0.25-a0-834-g55863b0b92 (webtiles) character file.

Game seed: 2539516133840091961, levelgen mode: deterministic

51 MisterFreud the Skirmisher (level 3, -4/18 HPs)
             Began as a Felid Skald on Apr 23, 2020.
             Killed from afar by Natasha (11 damage)
             ... with a magic dart
             ... on level 2 of the Dungeon.
             The game lasted 00:03:24 (1422 turns).

MisterFreud the Skirmisher (Felid Skald)            Turns: 1422, Time: 00:03:25

Health: -4/18      AC:  1    Str:  7    XL:     3   Next: 58%
Magic:  1/7        EV: 18    Int: 15    God:
Gold:   99         SH:  0    Dex: 15    Spells: 3/6 levels left
                                        Lives:  0   Deaths: 0

rFire    . . .     SeeInvis +     - Unarmed
rCold    . . .     Gourm    .   (shield unavailable)
rNeg     . . .     Faith    .   (armour unavailable)
rPois    .         Spirit   .   (helmet unavailable)
rElec    .         Reflect  .   (cloak unavailable)
rCorr    .         Harm     .   (gloves unavailable)
MR       .....                  (boots unavailable)
Stlth    ++........             (no amulet)
HPRegen  0.06/turn              (no ring)
MPRegen  0.10/turn              (no ring)

@: shrouded, infused, quick
A: very small, no armour, no weapons or thrown items, stealth, claws 1, fangs 3,
see invisible, carnivore, speed 1, shaggy fur 1, slow metabolism 1, sharp paws
a: no special abilities


You were on level 2 of the Dungeon.
You were completely stuffed.

You visited 1 branch of the dungeon, and saw 2 of its levels.

You collected 99 gold pieces.

Inventory:

Scrolls
 a - 2 scrolls of enchant armour {unknown}
 f - a scroll of immolation {unknown}
 g - 3 scrolls of fog {unknown}
 j - a scroll of magic mapping {unknown}
 k - a scroll of identify {unknown}
Potions
 c - a potion of resistance {unknown}
 d - a potion of brilliance {unknown}
 e - 2 potions of curing {unknown}
 h - a potion of cancellation {unknown}
Comestibles
 b - 3 rations
 i - a chunk of flesh


   Skills:
 - Level 4.0 Fighting
 + Level 3.2 Dodging
 + Level 0.2 Stealth
 + Level 2.0 Unarmed Combat
 - Level 2.0 Spellcasting
 - Level 3.6 Charms


You had 3 spell levels left.
You knew the following spells:

 Your Spells              Type           Power        Failure   Level  Hunger
a - Infusion              Chrm           ##..         4%          1    #......
b - Shroud of Golubria    Chrm/Tloc      #.....       16%         2    ###....

Your spell library contained the following spells:

 Spells                   Type           Power        Failure   Level  Hunger
 Song of Slaying          Chrm           ##......     8%          2    ###....
 Ozocubu's Armour         Chrm/Ice       #.......     32%         3    ###....
 Spectral Weapon          Hex/Chrm       Unusable     N/A         3    N/A

Dungeon Overview and Level Annotations

Branches:
Dungeon (2/15)

Altars:
Trog

Annotations:
D:2 Natasha


Innate Abilities, Weirdness & Mutations

You cannot wear armour.
You are incapable of wielding weapons or throwing items.
Your paws allow you to move quietly. (Stealth)
You have sharp claws.
You have razor-sharp teeth.
You have supernaturally acute eyesight. (SInv)
You are carnivorous and can eat meat at any time.
You cover ground quickly.
You are covered in fur. (AC +1)
You have a slow metabolism.
Your sharp claws are effective at attacking unaware monsters.


Message History

You feel troubled.
Casting: Shroud of Golubria (safe; 16% risk of failure)
Confirm with . or Enter, or press ? or * to list all spells.
You begin infusing your attacks with magical energy.
You scratch Natasha.
Natasha is lightly wounded.
Natasha completely misses you.
You closely miss Natasha.
Natasha is lightly wounded.
Natasha completely misses you.
You scratch Natasha.
Natasha is moderately wounded.
The shadow imp barely misses you. Natasha claws you.
You scratch Natasha.
Natasha is heavily wounded.
The shadow imp hits you. Natasha casts a spell at you. The magic dart hits you!
Ouch! That really hurt!
You die...

#.#####....#..#
#.'†#.'.........#
#.#####.....#...#
#.'.#†'....#.#..##
#.#####...#._.#..#
##.†.#.'.#..#.#...#
#..#####.#...#....#
#).'†#.'.#.........
#h@#####.###....<..
$..?..5...........######
###################


You could see Natasha and a shadow imp.

Vanquished Creatures
  2 gnolls
  A worm (D:2)
  2 giant cockroaches (D:2)
  4 goblins
  2 hobgoblins
  2 quokkas (D:2)
  A ball python (D:1)
  4 bats
  2 frilled lizards (D:2)
  2 kobolds (D:2)
  11 rats
33 creatures vanquished.

Vanquished Creatures (others)
  5 toadstools (D:1)
5 creatures vanquished.

Grand Total: 38 creatures vanquished

Notes
Turn   | Place    | Note
-------+----------+-------------------------------------------
     0 | D:1      | MisterFreud the Felid Skald began the quest for the Orb.
     0 | D:1      | Reached XP level 1. HP: 9/9 MP: 4/4
    46 | D:1      | Reached XP level 2. HP: 11/13 MP: 0/6
   135 | D:1      | Learned a level 2 spell: Shroud of Golubria
   180 | D:1      | Reached skill level 3 in Fighting
   762 | D:2      | Found a bloodstained altar of Trog.
   867 | D:2      | Reached XP level 3. HP: 12/17 MP: 2/7
  1288 | D:2      | Found a faded altar of an unknown god.
  1325 | D:2      | Reached skill level 4 in Fighting
  1414 | D:2      | Noticed Natasha
  1422 | D:2      | Killed from afar by Natasha

Levels and vault maps discovered:
D:1:      ldierk_walled_garden, layout_basic
D:2:      layout_rooms, minitemple, chequers_ecumenical_altar_simple_redux,
          corexii_item_surrounded_by_moat, minmay_rat_gold_closets,
          uniq_jessica, uniq_natasha

Skill      XL: |  1  2  3 |
---------------+----------+-----
Fighting       | 3 4 |  4.0
Dodging        | |  3.2
Stealth        | |  0.2
Unarmed Combat | |  2.0
Spellcasting   | |  2.0
Charms         | |  3.6

Action                   || total
-------------------------++-------
Melee: Unarmed           ||    88
       Bite              ||     5
       Punch             ||     2
 Cast: Infusion          ||    13
       Shroud of Golubri ||     4
 Stab: Sleeping          ||     6
  Eat: Chunk             ||     9
Armor: Skin              ||     4
Dodge: Dodged            ||    71

Table legend:
 A = Non-vault XP
 B = Vault XP
 C = Vault XP percentage of total XP
 D = Non-vault monster count
 E = Vault monster count
 F = Vault count percentage of total count
                 A         B        C        D         E       F
            +---------+---------+-------+---------+---------+-------
      Total |      66 |       8 |  10.8 |      25 |       8 |  24.2
            +---------+---------+-------+---------+---------+-------
        D:1 |      26 |       0 |   0.0 |      10 |       0 |   0.0
        D:2 |      40 |       8 |  16.7 |      15 |       8 |  34.8
            +---------+---------+-------+---------+---------+-------
